 Dungeon Crawl Stone Soup version 0.31-a0-986-g5e6e4ef867 (webtiles) character file.

Game seed: 3332587200541744481

118 Dittersdorf the Covered (level 5, -2/42 HPs)
             Began as a Human Fighter on Nov 7, 2023.
             Killed from afar by an orc wizard (10 damage)
             ... with a magic dart
             ... on level 3 of the Dungeon.
             The game lasted 00:02:42 (2514 turns).

Dittersdorf the Covered (Human Fighter)             Turns: 2514, Time: 00:02:43

Health: -2/42      AC:  9    Str: 19    XL:     5   Next: 23%
Magic:  5/5        EV:  9    Int:  8    God:
Gold:   154        SH:  0    Dex: 12    Spells: 4/4 levels left

rFire   . . .        a - +0 long sword
rCold   . . .        c - +0 buckler
rNeg    . . .        b - +0 scale mail
rPois   .            (no helmet)
rElec   .            p - +0 cloak
rCorr   .            o - +0 pair of gloves
SInv    .            (no boots)
Will    .....        f - amulet of magic regeneration Stlth
                     j - ring of wizardry
HPRegen 0.27/turn    (no ring)
MPRegen 0.49/turn

%: wizardry (x1)
@: confused
A: no striking features
a: no special abilities


You were on level 3 of the Dungeon.
You visited 1 branch of the dungeon, and saw 3 of its levels.

You collected 154 gold pieces.

Inventory:

Hand Weapons
 a - a +0 long sword (weapon)
Armour
 b - a +0 scale mail (worn)
 c - a +0 buckler (worn)
 o - a +0 pair of gloves (worn)
 p - a +0 cloak (worn)
Jewellery
 f - an amulet of magic regeneration (around neck)
 j - a ring of wizardry (left hand)
 r - a +4 ring of protection
Scrolls
 g - a scroll of fear {unknown}
 i - a scroll of amnesia {unknown}
 l - 2 scrolls of identify {unknown}
 m - 2 scrolls of teleportation {unknown}
 n - a scroll of brand weapon {unknown}
 q - a scroll of silence {unknown}
 s - a scroll of blinking {unknown}
Potions
 d - a potion of might
 e - a potion of resistance {unknown}
 h - a potion of brilliance {unknown}
 k - 2 potions of curing {unknown}


   Skills:
 + Level 3.7 Fighting
 + Level 3.0 Long Blades
 + Level 3.8 Armour
 + Level 3.7 Shields


You had 4 spell levels left.
You didn't know any spells.
Your spell library contained the following spells:

 Spells                   Type           Power      Damage    Failure   Level
 Freeze                   Ice            0%         1d3       52%         1
 Necrotise                Necr           0%         1d4       52%         1
 Frozen Ramparts          Ice            0%         1d1       86%         3
 Hailstorm                Conj/Ice       0%         3d3       86%         3
 Inner Flame              Hex/Fire       0%         N/A       86%         3
 Flame Wave               Conj/Fire      0%         2d4       99%         4
 Sticky Flame             Conj/Fire      0%         2d3       99%         4


Dungeon Overview and Level Annotations

Branches:
Dungeon (3/15)

Altars:
Ashenzari
Kikubaaqudgha
Okawaru
Sif Muna
Vehumet

Shops:
D:2 =


Message History

The orc priest miscasts a cantrip.
You slash something! Something hits you but does no damage.
You miss something. Something hits you but does no damage.
You hear some strange, mumbled words.
You are confused.
You are too confused!
You are too confused!
You are too confused!
You are too confused!
You are too confused!
You are too confused!
You are too confused!
You are too confused!
You are too confused!
You are too confused!
You are too confused!
You are too confused!
You are too confused!
You are too confused!
You are too confused!
You are too confused!
You are too confused!
You are too confused!
You are too confused!
You are too confused!
You are too confused!
You are too confused!
The orc priest mumbles some strange prayers to Beogh against you.
Something writhes in agony.
You hear some strange, mumbled words.
A puff of flame appears from out of thin air!
The puff of flame hits you!
You bump into the rock wall.
The orc priest looks encouraged for a moment.
The orc priest mumbles some strange prayers to Beogh against you.
Beogh smites you!
* * * LOW HITPOINT WARNING * * *
A magic dart appears from out of thin air!
The magic dart hits you!
You die...

....#..........#.#
....############.#
....# #.# ....#
#.# ....# #.#
##### #.# 8## #.#
..8# #.# ...# #@#
..._# #.# ..## #{#
#)#


oo. ##### You could see 2 orc priests.

Vanquished Creatures
  A gnoll (D:1)
  2 adders (D:3)
  3 worms
  2 dart slugs
  2 orcs (D:3)
  8 ball pythons
  6 endoplasms
  A giant cockroach (D:1)
  8 hobgoblins
  4 jackals (D:3)
  A quokka (D:2)
  6 bats
  4 frilled lizards
  3 goblins
  13 kobolds
  10 rats
74 creatures vanquished.

Notes
Turn   | Place    | Note
-------+----------+-------------------------------------------
     0 | D:1      | Dittersdorf the Human Fighter began the quest for the Orb.
     0 | D:1      | Reached XP level 1. HP: 18/18 MP: 1/1
   275 | D:1      | Reached XP level 2. HP: 23/24 MP: 2/2
   407 | D:1      | Reached XP level 3. HP: 29/29 MP: 3/3
  1043 | D:2      | Reached XP level 4. HP: 29/35 MP: 4/4
  1346 | D:2      | Found a faded altar of an unknown god.
  1640 | D:2      | Found Voeb's Jewellery Emporium.
  1890 | D:3      | Identified the "Birpheito"
  1974 | D:3      | Found a broken altar of Ashenzari.
  2068 | D:3      | Found a radiant altar of Vehumet.
  2094 | D:3      | Found an ancient bone altar of Kikubaaqudgha.
  2096 | D:3      | Found a shimmering blue altar of Sif Muna.
  2182 | D:3      | Found an iron altar of Okawaru.
  2285 | D:3      | Reached XP level 5. HP: 36/42 MP: 5/5
  2514 | D:3      | Killed from afar by an orc wizard

Illustrated notes

Levels and vault maps discovered:
D:1:      evilmike_arrival_rings, layout_basic
D:2:      layout_loops_ring, serial_shops, nicolae_shop_pleasant_corner_grove,
          hellmonk_ecumenical_altar_inner_sanctum,
          hangedman_decor_diamond_cutter, minmay_indecisive_spiral
D:3:      layout_basic, grunt_temple_overflow_magic_moments,
          ashenzari_conservatory_becter, nicolae_overflow_hidden_temple

Skill      XL: |  1  2  3  4  5 |
---------------+----------------+-----
Long Blades    | 3 |  3.0
Fighting       | |  3.7
Armour         | |  3.8
Shields        | |  3.7

Action                     |  1- 3 |  4- 6 || total
---------------------------+-------+-------++-------
  Melee: Long sword        |   100 |   162 ||   262
 Armour: Scale mail        |    73 |   137 ||   210
  Dodge: Dodged            |    45 |    94 ||   139
  Block: Buckler           |    13 |    45 ||    58

Table legend: (Time is in decaauts)
 A = Elapsed time spent in this place.
 B = Non-inter-level travel time spent in this place.
 C = Inter-level travel time spent in this place.
 D = Time resting spent in this place.
 E = Time spent auto-exploring this place.
 F = Levels seen in this place.
 G = Mean time per level.
                   A        B        C        D        E       F      G
               +--------+--------+--------+--------+--------+-----+--------+
         Total |   2594 |   2487 |    107 |     17 |   1869 |   3 |  864.7 |
       Dungeon |   2594 |   2487 |    107 |     17 |   1869 |   3 |  864.7 |
               +--------+--------+--------+--------+--------+-----+--------+

Top non-repeatable levels by time:
     D:1: 1010 daAuts
     D:2: 949 daAuts
     D:3: 633 daAuts
